 Dungeon Crawl Stone Soup version 0.23.0-3-gf3c87f2 (webtiles) character file.

Game seed: 10149371752620960399

2774 xccam the Fighter (level 9, 0/74 HPs)
             Began as a Gnoll Wanderer on Feb 20, 2019.
             Was a Follower of Cheibriados.
             Hit by a stone thrown by a big kobold (4 damage)
             ... on level 7 of the Dungeon.
             The game lasted 00:12:32 (7688 turns).

xccam the Fighter (Gnoll Wanderer)                  Turns: 7688, Time: 00:12:33

Health: 0/74       AC:  7    Str: 24      XL:     9   Next: 70%
Magic:  15/15      EV: 13    Int: 18      God:    Cheibriados [*.....]
Gold:   298        SH:  0    Dex: 17 (18) Spells: 15/16 levels left

rFire    . . .     SeeInvis .   D - +8 flail of the Unliving {flame, rElec Str+4}
rCold    + . .     Gourm    .   (no shield)
rNeg     . . .     Faith    .   n - +0 scale mail
rPois    .         Spirit   .   (no helmet)
rElec    +         Reflect  .   (no cloak)
rCorr    .         Harm     .   (no gloves)
MR       +....                  (no boots)
Stlth    ++........             (no amulet)
HPRegen  0.22/turn              i - ring of protection from magic
MPRegen  0.14/turn              m - ring of protection from cold

@: lethally poisoned (0 -> -2), very slightly contaminated, invisible, very slow
A: distributed training, fangs 1, strong nose
a: Bend Time, Renounce Religion


You were on level 7 of the Dungeon.
You worshipped Cheibriados.
Cheibriados was aware of your devotion.
You were not hungry.

You visited 2 branches of the dungeon, and saw 8 of its levels.

You collected 375 gold pieces.
You spent 77 gold pieces at shops.

Inventory:

Hand Weapons
 a - a +2 falchion
 p - the +1 dagger "Edino" {pierce, Int+5 Stlth+}
   (You found it on level 4 of the Dungeon)

   It inflicts extra damage upon your enemies.
   It affects your intelligence (+5).
   It makes you more stealthy.
 s - a +2 long sword of protection
 D - the +8 flail of the Unliving (weapon) {flame, rElec Str+4}
   (You found it on level 5 of the Dungeon)

   It has been specially enchanted to burn those struck by it, causing extra
   injury to most foes and up to half again as much damage against particularly
   susceptible opponents.
   It affects your strength (+4).
   It insulates you from electricity.
Armour
 j - a +2 robe of magic resistance
 n - a +0 scale mail (worn)
 C - a +0 chain mail
Jewellery
 h - an uncursed ring of fire
 i - a ring of protection from magic (left hand)
 m - a ring of protection from cold (right hand)
 B - a +3 ring of dexterity
 E - an uncursed ring of protection from cold
 G - an uncursed ring of flight
Wands
 x - a wand of polymorph (8)
 F - a wand of flame (9)
Scrolls
 b - 2 scrolls of amnesia
 f - a scroll of enchant weapon
 g - a scroll of blinking
 k - 4 scrolls of teleportation
 l - 9 scrolls of remove curse
 o - a scroll of immolation
 t - 4 scrolls of magic mapping
 v - 2 scrolls of random uselessness
 y - a scroll of enchant armour {unknown}
Potions
 c - 3 potions of flight
 e - a potion of resistance {unknown}
 r - a potion of might
 u - 4 potions of curing
 z - 4 potions of ambrosia
Comestibles
 d - 17 rations


   Skills:
 + Level 8.0 Fighting
 + Level 4.4 Short Blades
 + Level 5.2 Long Blades
 + Level 4.4 Axes
 + Level 4.4 Maces & Flails
 + Level 4.4 Polearms
 + Level 4.4 Staves
 + Level 4.4 Slings
 + Level 4.4 Bows
 + Level 4.4 Crossbows
 + Level 4.4 Throwing
 + Level 4.4 Armour
 + Level 5.2 Dodging
 + Level 4.4 Stealth
 + Level 4.4 Shields
 + Level 4.4 Unarmed Combat
 + Level 4.4 Spellcasting
 + Level 3.6 Conjurations
 + Level 3.6 Hexes
 + Level 4.3 Charms
 + Level 3.6 Summonings
 + Level 3.6 Necromancy
 + Level 3.6 Translocations
 + Level 3.6 Transmutations
 + Level 3.6 Fire Magic
 + Level 3.6 Ice Magic
 + Level 3.6 Air Magic
 + Level 3.6 Earth Magic
 + Level 5.3 Poison Magic
 + Level 4.9 Invocations
 + Level 6.4 Evocations


You had 15 spell levels left.
You knew the following spells:

 Your Spells              Type           Power        Failure   Level  Hunger
a - Flame Tongue          Conj/Fire      ###..        8%          1    None

Your spell library contained the following spells:

 Spells                   Type           Power        Failure   Level  Hunger
 Inner Flame              Hex/Fire       ###.....     22%         3    ###....


Dungeon Overview and Level Annotations

Branches:
Dungeon (7/15)             Temple (1/1) D:5

Altars:
Ashenzari
Cheibriados
Dithmenos
Fedhas
Gozag
Hepliaklqana
Makhleb
Okawaru
Qazlal
Ru
Sif Muna
Trog
Vehumet
Wu Jian
Xom
Yredelemnul
Zin
The Shining One

Shops:
D:4 *


Innate Abilities, Weirdness & Mutations

Your experience applies equally to all skills.
You have very sharp teeth.
Your uncanny sense of smell can sniff out nearby items.


Message History

You catch the helpless worker ant completely off-guard!
You bludgeon the worker ant!! You burn the worker ant!
You kill the worker ant!
Cheibriados thoroughly appreciates the change of pace.
Cheibriados raises the support of your attributes as your movement slows.
You feel sick.
A scorpion comes into view.
You sock the ogre! You burn the ogre.
The ogre is heavily wounded.
The big kobold throws a stone.
The stone hits the ogre.
The ogre hits you with a +0 giant club!!
* * * LOW HITPOINT WARNING * * *
You hear a shout!
Unknown command.
You catch the helpless ogre completely off-guard!
You thump the ogre! You burn the ogre.
You kill the ogre!
Cheibriados appreciates the change of pace.
You feel sick.
The big kobold throws a stone.
The stone hits you.
You die...

##... #5..##.###
...# ###....#
##....#...#### #
#.#.### #.sK# #.#
#.#K# #.# .# #.#)#
#.##.# #. #.#)#
#.##.# #. #.#@#
#.##.# #. #.#(#
#.##.# #.## #.#)#
#.##.# #..#
#.#.####.##>#####.##
#.((................
###########.#####.##
#.# #.# #.#####.#
#.....(.#


You could see a big kobold, a scorpion (wandering) and a kobold.

Vanquished Creatures
  Sigmund (D:2)
  A hungry ghost (D:7)
  Menkaure (D:4)
  Duvessa (D:7)
  An orc warrior (D:6)
  3 sky beasts
  An ice beast (D:5)
  3 centaurs
  A necrophage (D:7)
  3 ogres
  Blork the orc (D:4)
  A big kobold (D:7)
  A bullfrog (D:7)
  Dowan (D:7)
  A water moccasin skeleton (D:4)
  3 scorpions
  2 crimson imps (D:5)
  A bullfrog zombie (D:5)
  A jelly (D:7)
  A quasit (D:7)
  An orc priest (D:3)
  3 hounds
  2 orc wizards
  An iguana (D:5)
  4 worker ants
  A killer bee zombie (D:7)
  A hound skeleton (D:4)
  Robin (D:2)
  7 gnolls (D:3)
  A howler monkey skeleton (D:5)
  8 adders
  3 oozes
  4 worms
  A dart slug (D:6)
  7 leopard geckos
  10 orcs
  3 giant cockroaches
  15 hobgoblins
  17 jackals
  9 kobolds
  3 quokkas
  2 ball pythons
  10 bats
  9 frilled lizards
  15 goblins
  A leopard gecko skeleton (D:6)
  A quokka zombie (D:5)
  5 rats
174 creatures vanquished.

Notes
Turn   | Place    | Note
-------+----------+-------------------------------------------
     0 | D:1      | xccam the Gnoll Wanderer began the quest for the Orb.
     0 | D:1      | xccam set off with the following items: a +2 falchion, a +0
                  | robe, a ration; and the following spell memorised: Flame
                  | Tongue; and the following spells available to memorise:
                  | Inner Flame
     0 | D:1      | Reached XP level 1. HP: 23/23 MP: 3/3
   168 | D:1      | Reached XP level 2. HP: 17/29 MP: 5/5
   875 | D:1      | Reached XP level 3. HP: 35/35 MP: 6/6
  1080 | D:2      | Reached skill level 1 in Invocations
  1185 | D:2      | Noticed Sigmund
  1235 | D:2      | Noticed Robin
  1465 | D:2      | Killed Sigmund
  1465 | D:2      | Reached skill level 1 in Short Blades
  1465 | D:2      | Reached skill level 1 in Axes
  1465 | D:2      | Reached skill level 1 in Maces & Flails
  1465 | D:2      | Reached skill level 1 in Polearms
  1465 | D:2      | Reached skill level 1 in Staves
  1465 | D:2      | Reached skill level 1 in Slings
  1465 | D:2      | Reached skill level 1 in Bows
  1465 | D:2      | Reached skill level 1 in Crossbows
  1465 | D:2      | Reached skill level 1 in Throwing
  1465 | D:2      | Reached skill level 1 in Armour
  1465 | D:2      | Reached skill level 1 in Stealth
  1465 | D:2      | Reached skill level 1 in Shields
  1465 | D:2      | Reached skill level 1 in Unarmed Combat
  1465 | D:2      | Reached skill level 1 in Spellcasting
  1465 | D:2      | Reached skill level 1 in Conjurations
  1465 | D:2      | Reached skill level 1 in Hexes
  1465 | D:2      | Reached skill level 1 in Summonings
  1465 | D:2      | Reached skill level 1 in Necromancy
  1465 | D:2      | Reached skill level 1 in Translocations
  1465 | D:2      | Reached skill level 1 in Transmutations
  1465 | D:2      | Reached skill level 1 in Fire Magic
  1465 | D:2      | Reached skill level 1 in Ice Magic
  1465 | D:2      | Reached skill level 1 in Air Magic
  1465 | D:2      | Reached skill level 1 in Earth Magic
  1465 | D:2      | Reached XP level 4. HP: 32/41 MP: 7/7
  1465 | D:2      | Reached XP level 5. HP: 36/47 MP: 8/8
  1833 | D:2      | Found a basalt altar of Yredelemnul.
  1909 | D:2      | Killed Robin
  1909 | D:2      | Reached XP level 6. HP: 50/53 MP: 9/9
  2111 | D:2      | You fall through a shaft for 2 floors!
  2157 | D:4      | Noticed Blork the orc
  2175 | D:4      | Killed Blork the orc
  2175 | D:4      | Reached skill level 5 in Evocations
  2684 | D:4      | Got a crude dagger
  2685 | D:4      | Identified the +1 dagger "Edino" {pierce, Int+5 Stlth+}
                  | (You found it on level 4 of the Dungeon)
  2837 | D:4      | Reached XP level 7. HP: 51/59 MP: 10/10
  3061 | D:3      | Reached skill level 7 in Fighting
  3385 | D:3      | You fall through a shaft for 3 floors!
  3511 | D:5      | Entered Level 5 of the Dungeon
  3804 | D:4      | Reached XP level 8. HP: 64/67 MP: 12/12
  3863 | D:4      | Found Heehoer's General Store.
  3872 | D:4      | Bought a scroll of identify for 22 gold pieces
  3872 | D:4      | Bought a scroll of identify for 22 gold pieces
  3872 | D:4      | Bought a scroll of remove curse for 33 gold pieces
  4041 | D:3      | Found an opulent altar of Gozag.
  4409 | D:3      | Found a stormy altar of Qazlal.
  4409 | D:3      | Found a hazy altar of Hepliaklqana.
  4739 | D:4      | Found a burning altar of Makhleb.
  4831 | D:4      | Noticed Menkaure
  4841 | D:4      | Killed Menkaure
  4909 | D:4      | Found a shimmering altar of Xom.
  5438 | D:5      | Found a staircase to the Ecumenical Temple.
  5447 | D:5      | Reached XP level 9. HP: 69/72 MP: 14/14
  5464 | Temple   | Entered the Ecumenical Temple
  5800 | D:5      | Reached skill level 5 in Poison Magic
  5894 | D:5      | Got a warped flail
  5895 | D:5      | Identified the +8 flail of the Unliving {flame, rElec
                  | Str+4} (You found it on level 5 of the Dungeon)
  6591 | D:6      | Found a snail-covered altar of Cheibriados.
  6605 | D:6      | Became a worshipper of Cheibriados the Contemplative
  7422 | D:7      | Found an ornate altar of the Wu Jian Council.
  7519 | D:7      | Reached * piety under Cheibriados
  7519 | D:7      | Reached skill level 5 in Long Blades
  7519 | D:7      | Reached skill level 5 in Dodging
  7559 | D:7      | Noticed Duvessa
  7560 | D:7      | Noticed Dowan
  7565 | D:7      | Killed Duvessa
  7569 | D:7      | Killed Dowan
  7682 | D:7      | Reached skill level 8 in Fighting
  7688 | D:7      | Hit by a stone thrown by a big kobold

Skill      XL: |  1  2  3  4  5  6  7  8  9 |
---------------+----------------------------+-----
Charms         | 2 3 4 |  4.3
Invocations    | 1 2 3 4 |  4.9
Short Blades   | 1 2 3 4 |  4.4
Long Blades    | 3 4 5 |  5.2
Axes           | 1 2 3 4 |  4.4
Maces & Flails | 1 2 3 4 |  4.4
Polearms       | 1 2 3 4 |  4.4
Staves         | 1 2 3 4 |  4.4
Slings         | 1 2 3 4 |  4.4
Bows           | 1 2 3 4 |  4.4
Crossbows      | 1 2 3 4 |  4.4
Throwing       | 1 2 3 4 |  4.4
Armour         | 1 2 3 4 |  4.4
Dodging        | 3 4 5 |  5.2
Stealth        | 1 2 3 4 |  4.4
Shields        | 1 2 3 4 |  4.4
Unarmed Combat | 1 2 3 4 |  4.4
Spellcasting   | 1 2 3 4 |  4.4
Conjurations   | 1 2 3 |  3.6
Hexes          | 1 2 3 |  3.6
Summonings     | 1 2 3 |  3.6
Necromancy     | 1 2 3 |  3.6
Translocations | 1 2 3 |  3.6
Transmutations | 1 2 3 |  3.6
Fire Magic     | 1 2 3 |  3.6
Ice Magic      | 1 2 3 |  3.6
Air Magic      | 1 2 3 |  3.6
Earth Magic    | 1 2 3 |  3.6
Poison Magic   | 4 5 |  5.3
Evocations     | 5 6 |  6.4
Fighting       | 7 8 |  8.0

Action                   |  1- 3 |  4- 6 |  7- 9 || total
-------------------------+-------+-------+-------++-------
Melee: Falchion          |    89 |    92 |    65 ||   246
       Bite              |     8 |    21 |    46 ||    75
       Long sword        |       |       |   192 ||   192
       Punch             |       |       |     7 ||     7
       Flail             |       |       |    81 ||    81
Evoke: Wand              |       |       |     4 ||     4
  Use: Potion            |     3 |     1 |     2 ||     6
       Scroll            |       |       |    12 ||    12
 Stab: Sleeping          |     4 |     1 |     1 ||     6
       Invisible         |       |       |     2 ||     2
       Distracted        |       |       |     1 ||     1
  Eat: Chunk             |     2 |     4 |    14 ||    20
       Ration            |       |       |     1 ||     1
Armor: Robe              |    13 |     8 |       ||    21
       Scale mail        |       |    13 |   161 ||   174
Dodge: Dodged            |    72 |    59 |   258 ||   389
       Rpst.: Falchion   |    23 |    18 |    10 ||    51
       Long sword        |       |       |    47 ||    47
